 Dungeon Crawl Stone Soup version 0.20.1-1-g8b1a95d (webtiles) character file.

5566 dohliylev the Covert (level 10, -4/72 (74) HPs)
             Began as a Vampire Assassin on July 7, 2017.
             Was a High Priest of Dithmenos.
             Slain by Ang168's ghost (8 damage)
             ... on level 7 of the Dungeon.
             The game lasted 01:13:26 (11831 turns).

dohliylev the Covert (Vampire Assassin)            Turns: 11831, Time: 01:13:27

HP:   -4/72 (74)    AC:  7    Str: 10    XL:     10   Next: 44%
MP:   11/11         EV: 16    Int: 14    God:    Dithmenos [*****.]
Gold: 538           SH:  0    Dex: 19    Spells: 4/9 levels left

rFire    . . .     SeeInvis +   a - +2 dagger
rCold    . . .     Gourm    .   (no shield)
rNeg     . . .     Faith    .   H - +0 troll leather armour
rPois    .         Spirit   .   (no helmet)
rElec    .         Reflect  .   d - +0 cloak
rCorr    .         Harm     .   E - +0 pair of gloves
MR       +....                  O - +0 pair of boots
Stlth    +++++++++.             L - amulet of magic regeneration
Regen    0.9/turn               (no ring)
MPRegen  0.2/turn               M - ring of stealth

@: regenerating quickly, wreathed by umbra
A: fangs 3, see invisible, unbreathing
a: Shadow Step, Shadow Form, Renounce Religion


You were on level 7 of the Dungeon.
You worshipped Dithmenos.
Dithmenos was extremely pleased with you.
You were almost alive.

You visited 2 branches of the dungeon, and saw 11 of its levels.
You also visited: Sewer.

You collected 538 gold pieces.

Inventory:

Hand Weapons
 a - a +2 dagger (weapon)
 b - a +0 blowgun
 C - a +3 hand axe of chopping
 G - a +0 falchion
 K - a +3 hand axe
Missiles
 P - 16 poisoned needles
Armour
 d - a +0 cloak (worn)
 E - a +0 pair of gloves (worn)
 H - a +0 troll leather armour (worn)
 O - a +0 pair of boots (worn)
Jewellery
 L - an amulet of magic regeneration (around neck)
 M - a ring of stealth (right hand)
 Q - an uncursed ring of wizardry {unknown}
Wands
 c - a wand of lightning (0/15)
 F - a wand of paralysis (0/24)
 J - a wand of iceblast (0/15)
 N - a wand of polymorph (11/24)
 R - a wand of scattershot (3/9)
 U - a wand of lightning (0/15)
Scrolls
 h - 7 scrolls of identify {unknown}
 i - 2 scrolls of immolation {unknown}
 j - 6 scrolls of enchant armour {unknown}
 l - 2 scrolls of amnesia {unknown}
 m - 5 scrolls of remove curse {unknown}
 n - 3 scrolls of noise {unknown}
 o - 4 scrolls of teleportation {unknown}
 q - 3 scrolls of magic mapping {unknown}
 t - 4 scrolls of recharging {unknown}
 v - 4 scrolls of fear {unknown}
 w - a scroll of random uselessness {unknown}
 y - 3 scrolls of enchant weapon {unknown}
 I - 3 scrolls of fog {unknown}
 T - a scroll of summoning {unknown}
Potions
 f - a potion of mutation {unknown}
 g - 12 potions of blood
 k - 2 potions of heal wounds {unknown}
 p - 4 potions of magic {unknown}
 r - 2 potions of agility {unknown}
 s - 2 potions of lignification {unknown}
 u - 2 potions of haste {unknown}
 x - 2 potions of might {unknown}
 z - 2 potions of curing {unknown}
 A - 2 potions of flight {unknown}
 D - a potion of cancellation {unknown}
Books
 e - a book of Enchantments

   Spells                             Type                      Level
   a - Cause Fear                     Hexes                        4
   b - Yara's Violent Unravelling     Hexes/Transmutation          5
   c - Silence                        Hexes/Air                    5
   d - Deflect Missiles               Charms/Air                   6
   e - Discord                        Hexes                        8
 B - a book of Minor Magic

   Spells                             Type                      Level
   a - Magic Dart                     Conjuration                  1
   b - Blink                          Translocation                2
   c - Call Imp                       Summoning                    2
   d - Slow                           Hexes                        2
   e - Conjure Flame                  Conjuration/Fire             3
   f - Mephitic Cloud                 Conjuration/Poison/Air       3
 S - a book of Geomancy

   Spells                             Type                      Level
   a - Sandblast                      Earth                        1
   b - Passwall                       Transmutation/Earth          2
   c - Stone Arrow                    Conjuration/Earth            3
   d - Petrify                        Transmutation/Earth          4
   e - Lee's Rapid Deconstruction     Earth                        5


   Skills:
 + Level 5.4 Fighting
 * Level 8.9 Short Blades
 + Level 4.6 Throwing
 + Level 1.9 Armour
 + Level 6.5 Dodging
 + Level 14.0 Stealth
 + Level 0.5 Invocations
 + Level 1.3 Evocations


You had 4 spell levels left.
You knew the following spells:

 Your Spells              Type           Power        Failure   Level  Hunger
a - Slow                  Hex            #.......     50%         2    ###....
b - Mephitic Cloud        Conj/Pois/Air  #.......     75%         3    ####...


Dungeon Overview and Level Annotations

Branches:
Dungeon (10/15)            Temple (1/1) D:5             Orc (0/2) D:9
   Lair: D:8-11

Altars:
Ashenzari
Cheibriados
Dithmenos
Elyvilon
Gozag
Kikubaaqudgha
Makhleb
Okawaru
Ru
Sif Muna
Trog
Uskayaw
Xom
Yredelemnul
Zin
The Shining One
Beogh
Lugonu

Shops:
D:5 (

Annotations:
D:7 Ang168's ghost, novice OgBe


Innate Abilities, Weirdness & Mutations

Your natural rate of healing is unusually fast.
You have razor-sharp teeth.
You have supernaturally acute eyesight. (SInv)
You can survive without breathing.


Message History

Ang168's ghost is severely damaged.
You hit Ang168's ghost.
Ang168's ghost is severely damaged.
Ang168's ghost misses you.
You barely miss Ang168's ghost.
Ang168's ghost is severely damaged.
You hit Ang168's ghost.
Ang168's ghost is severely damaged.
Ang168's ghost hits you.
* * * LOW HITPOINT WARNING * * *
You barely miss Ang168's ghost.
Ang168's ghost is severely damaged.
You hit Ang168's ghost.
Ang168's ghost is severely damaged.
Ang168's ghost hits you!
* * * LOW HITPOINT WARNING * * *
You closely miss Ang168's ghost.
Ang168's ghost is severely damaged.
Ang168's ghost hits you!
You die...

#.# #.......#
..####(.(....#
.............#
..##.........#####
..###............# ###
##.......###.# #.#######
#.# #.# #.# ##'## #@#
##...## ####W########
##.....## #...........#
###.......###(.(....###.#
.#.........##(..(...###.#
.'.........()(..........#
.#.........##...........#
.##.......###.......##.##
###.....## #...)...##.#


You could see Ang168's ghost.

Vanquished Creatures
  Pikel (D:5)
  A komodo dragon (D:10)
  A troll (D:9)
  A hippogriff (D:7)
  Sigmund (D:5)
  2 hungry ghosts
  A water moccasin (D:6)
  2 orc warriors
  A sky beast (D:6)
  3 necrophages
  An eye of draining (D:10)
  2 ice beasts
  A slave (D:5)
  A phantom (D:10)
  A black bear (D:9)
  4 ogres
  4 centaurs
  A big kobold (D:7)
  Blork the orc (D:5)
  A wyvern zombie (D:7)
  2 bullfrogs
  A scorpion (D:9)
  8 wights (D:9)
  A killer bee (D:7)
  2 howler monkeys
  3 crimson imps
  A centaur zombie (D:7)
  A centaur skeleton (D:7)
  8 hounds
  6 orc priests
  5 jellies
  4 orc wizards
  Natasha (twice) (D:3)
  2 iguanas (D:9)
  6 worker ants
  A hound skeleton (D:5)
  7 gnolls
  A howler monkey zombie (D:6)
  15 adders
  A river rat (Sewer)
  A shadow imp (D:7)
  14 oozes
  3 adder zombies
  2 adder skeletons (D:7)
  4 worms
  3 dart slugs
  5 leopard geckos
  30 orcs
  7 ball pythons
  8 bats
  4 giant cockroaches
  5 goblins
  8 hobgoblins
  5 jackals
  3 quokkas
  10 frilled lizards
  18 kobolds
  A quokka skeleton (D:5)
  15 rats
254 creatures vanquished.

Vanquished Creatures (others)
  A wizard (D:3)
  10 toadstools (D:2)
11 creatures vanquished.

Grand Total: 265 creatures vanquished

Notes
Turn   | Place    | Note
-------+----------+-------------------------------------------
     0 | D:1      | dohliylev the Vampire Assassin began the quest for the Orb.
     0 | D:1      | Reached XP level 1. HP: 16/16 MP: 1/1
    74 | D:1      | Reached skill level 6 in Stealth
   226 | D:1      | Reached XP level 2. HP: 22/22 MP: 2/2
   617 | D:2      | Reached skill level 7 in Stealth
   667 | D:2      | Reached XP level 3. HP: 27/27 MP: 3/3
   682 | D:2      | Found a shadowy altar of Dithmenos.
   687 | D:2      | Became a worshipper of Dithmenos the Shadowed
   993 | D:2      | Reached * piety under Dithmenos
   995 | D:2      | Reached XP level 4. HP: 33/33 MP: 4/4
  1417 | D:3      | Found a glowing drain.
  1530 | Sewer    | Entered a sewer
  1565 | Sewer    | Reached skill level 8 in Stealth
  1565 | Sewer    | Reached XP level 5. HP: 38/38 MP: 5/5
  2159 | D:3      | Reached ** piety under Dithmenos
  2238 | D:3      | Noticed Natasha
  2259 | D:3      | Killed Natasha
  2487 | D:3      | Reached skill level 9 in Stealth
  2515 | D:3      | Reached XP level 6. HP: 24/44 MP: 6/6
  2991 | D:3      | Noticed Natasha
  3008 | D:3      | Killed Natasha
  3335 | D:3      | Found a bloodstained altar of Trog.
  3365 | D:3      | Noticed a wizard
  3370 | D:3      | Killed a wizard
  3899 | D:4      | Found a glowing golden altar of the Shining One.
  4120 | D:4      | Reached XP level 7. HP: 51/51 MP: 7/7
  4261 | D:5      | Entered Level 5 of the Dungeon
  4358 | D:5      | Found a staircase to the Ecumenical Temple.
  4415 | D:5      | Noticed Sigmund
  4736 | D:5      | Killed Sigmund
  4736 | D:5      | Reached skill level 5 in Short Blades
  4812 | D:5      | Noticed Blork the orc
  4915 | D:5      | Killed Blork the orc
  4994 | Temple   | Entered the Ecumenical Temple
  5226 | D:5      | Reached *** piety under Dithmenos
  5232 | D:5      | Noticed Pikel
  5252 | D:5      | HP: 1/52 [Pikel/whip of flaming (4)]
  5493 | D:5      | Killed Pikel
  5493 | D:5      | Reached skill level 10 in Stealth
  5493 | D:5      | Reached XP level 8. HP: 43/60 MP: 8/8
  5540 | D:5      | You fall through a shaft for 3 floors!
  5728 | D:9      | Found a staircase to the Orcish Mines.
  5924 | D:9      | Noticed a troll
  5956 | D:10     | Entered Level 10 of the Dungeon
  5991 | D:10     | Reached skill level 11 in Stealth
  6446 | D:10     | Reached XP level 9. HP: 32/65 MP: 9/9
  6625 | D:10     | Noticed a komodo dragon
  6628 | D:10     | Killed a komodo dragon
  6628 | D:10     | Reached skill level 5 in Dodging
  6628 | D:10     | Reached skill level 12 in Stealth
  7241 | D:10     | Learned a level 2 spell: Slow
  7245 | D:10     | Learned a level 3 spell: Mephitic Cloud
  7462 | D:8      | Found a roughly hewn altar of Beogh.
  7784 | D:9      | Found an ancient bone altar of Kikubaaqudgha.
  8068 | D:9      | Noticed a troll
  8086 | D:9      | Reached skill level 13 in Stealth
  8088 | D:9      | Killed a troll
  8088 | D:9      | Reached skill level 1 in Evocations
  8497 | D:9      | Reached **** piety under Dithmenos
  8846 | D:7      | Noticed Ang168's ghost (novice OgBe)
  8919 | D:6      | Noticed Edmund
  8951 | D:6      | You are sucked into a shaft for 2 floors!
  9389 | D:5      | Found Arry's Antique Weapon Shop.
  9434 | D:5      | Reached XP level 10. HP: 66/73 MP: 11/11
  9449 | D:5      | Found a burning altar of Makhleb.
  9735 | D:6      | Noticed Edmund
  9735 | D:6      | Edmund changed into Edmund the water moccasin
  9761 | D:6      | Killed Edmund the water moccasin
  9761 | D:6      | Reached skill level 1 in Armour
 10052 | D:6      | Found a shimmering altar of Xom.
 10091 | D:6      | Found a hide-covered altar of Uskayaw.
 10159 | D:6      | Found an iron altar of Okawaru.
 10396 | D:6      | Reached skill level 5 in Fighting
 11130 | D:7      | Reached skill level 14 in Stealth
 11233 | D:7      | Reached ***** piety under Dithmenos
 11678 | D:7      | Found a corrupted altar of Lugonu.
 11830 | D:7      | HP: 3/72 [Ang168's ghost (13)]
 11831 | D:7      | Slain by Ang168's ghost

Skill      XL: |  1  2  3  4  5  6  7  8  9 10 |
---------------+-------------------------------+-----
Stealth        | 6 7 8 9 10 11 13 14 | 14.0
Fighting       | 2 3 4 5 |  5.4
Short Blades   | 3 4 5 6 7 8 |  8.9
Throwing       | 2 3 4 |  4.6
Dodging        | 2 4 6 |  6.5
Evocations     | 1 |  1.3
Armour         | 1 |  1.9
Invocations    | |  0.5

Action                   |  1- 3 |  4- 6 |  7- 9 | 10-12 || total
-------------------------+-------+-------+-------+-------++-------
Melee: Dagger            |   109 |   256 |   573 |   482 ||  1420
       Bite              |     8 |    19 |    78 |    63 ||   168
 Fire: Blowgun           |     8 |    24 |    21 |     2 ||    55
Throw: Javelin           |       |     2 |    10 |       ||    12
Invok: Shadow Step       |       |       |     1 |       ||     1
 Abil: End Transformatio |       |     3 |     7 |     3 ||    13
       Bat Form          |       |     3 |     7 |     3 ||    13
Evoke: Wand              |       |       |     9 |     6 ||    15
  Use: Potion            |     1 |    14 |    10 |    15 ||    40
 Stab: Sleeping          |    10 |    17 |    29 |    13 ||    69
       Distracted        |       |       |     1 |     4 ||     5
       Paralysed         |       |       |     1 |       ||     1
  Eat: Corpse            |     4 |     2 |     2 |       ||     8
Armor: Robe              |    18 |    37 |    44 |       ||    99
       Troll leather arm |       |       |    22 |    39 ||    61
Dodge: Dodged            |    53 |   156 |   286 |   246 ||   741
